 Dungeon Crawl Stone Soup version 0.24-a0-112-g3372e67c91 (webtiles) character file.

Game seed: 11358826510615298714

3238 Maize the Cleaver (level 9, -1/85 HPs)
             Began as a Minotaur Berserker on Feb 15, 2019.
             Was an Elder of Trog.
             Slain by a hornet (4 damage)
             ... while paralysed by a hornet
             ... on level 8 of the Dungeon.
             The game lasted 00:09:24 (7028 turns).

Maize the Cleaver (Minotaur Berserker)              Turns: 7028, Time: 00:09:24

Health: -1/85      AC: 10    Str: 24    XL:     9   Next: 66%
Magic:  8/8        EV:  2    Int:  4    God:    Trog [****..]
Gold:   406        SH:  0    Dex: 11    Spells: 8/8 levels left

rFire    + . .     SeeInvis .   l - +0 war axe
rCold    . . .     Gourm    .   (no shield)
rNeg     . . .     Faith    .   t - +2 scale mail {rF+}
rPois    .         Spirit   .   (helmet restricted)
rElec    .         Reflect  .   u - +0 cloak
rCorr    .         Harm     .   (no gloves)
MR       +....                  (no boots)
Stlth    ..........             s - amulet of rage
HPRegen  0.24/turn              C - -2 ring of evasion (curse)
MPRegen  0.11/turn              e - ring of protection from magic

@: paralysed, lethally poisoned (-1 -> -28), slowed
A: retaliatory headbutt, horns 2
a: Berserk, Trog's Hand, Brothers in Arms, Renounce Religion, Evoke Berserk Rage


You were on level 8 of the Dungeon.
You worshipped Trog.
Trog was greatly pleased with you.
You were hungry.

You visited 1 branch of the dungeon, and saw 8 of its levels.

You collected 406 gold pieces.

Inventory:

Hand Weapons
 a - a +0 hand axe
 l - a +0 war axe (weapon)
Armour
 t - a +2 scale mail of fire resistance (worn)
 u - a +0 cloak (worn)
Jewellery
 e - a ring of protection from magic (right hand)
 r - an uncursed ring of resist corrosion
 s - an amulet of rage (around neck)
 C - a cursed -2 ring of evasion (left hand)
Wands
 y - a wand of flame (51)
 D - a wand of paralysis (12)
Scrolls
 d - 5 scrolls of teleportation
 g - 2 scrolls of fog
 i - a scroll of magic mapping
 j - a scroll of noise
 m - a scroll of acquirement {unknown}
 n - a scroll of amnesia {unknown}
 q - a scroll of blinking {unknown}
 w - a scroll of enchant weapon {unknown}
 x - a scroll of immolation
 z - a scroll of fear {unknown}
Potions
 b - a potion of lignification {unknown}
 f - 6 potions of flight {unknown}
 h - a potion of cancellation
 k - 2 potions of ambrosia {unknown}
 o - a potion of agility {unknown}
 p - a potion of berserk rage {unknown}
 v - 3 potions of curing
 A - a potion of heal wounds {unknown}
 B - a potion of resistance
Comestibles
 c - 14 rations


   Skills:
 + Level 10.0 Fighting
 * Level 13.0 Axes
 - Level 4.0 Armour
 - Level 2.1 Dodging


You had 8 spell levels left.
You didn't know any spells.
Your spell library was empty.

Dungeon Overview and Level Annotations

Branches:
Dungeon (8/15)             Temple (0/1) D:4            Lair (0/6) D:8

Altars:
Makhleb
Sif Muna
Vehumet
Zin


Innate Abilities, Weirdness & Mutations

You reflexively headbutt those who attack you in melee.
You have a pair of horns on your head.


Message History

You feel as though you will be slow longer.
You feel very sick.
The hornet stings you but does no damage.
You feel sick. The hornet stings you!
* * * LOW HITPOINT WARNING * * *
You are more poisoned.
You feel as though you will be slow longer.
The hornet stings you!
* * * LOW HITPOINT WARNING * * *
You are more poisoned.
You suddenly lose the ability to move!
* * * LOW HITPOINT WARNING * * *
You feel very sick. The hornet stings you!
* * * LOW HITPOINT WARNING * * *
You feel as though you will be slow longer.
* * * LOW HITPOINT WARNING * * *
You feel very sick. The hornet stings you.
You die...

.........##.#.#.#...##
............#.<.....##
....................##
.#############..............
.................#.......<..
.....!...####....#...#...#.#
..........................>#
...........z.......#.##....#
.....[.z.zy@...##..#........
....!....z##....#..#.......#
..........+..##.#....#......
..........#..# .##..........
.##.......+..# .##>.#....<..
#.......#####.###.#.......
#..%...## #.............
#..%.... #####.##......
#####'##......


You could see a hornet and 4 wights.

Vanquished Creatures
  Grinder (D:6)
  Prince Ribbit (D:6)
  Sigmund (D:6)
  A wyvern (D:8)
  Eustachio (D:4)
  A hungry ghost (D:8)
  Menkaure (D:6)
  An orc warrior (D:7)
  2 ice beasts
  A phantom (D:4)
  3 sky beasts
  A black bear (D:7)
  3 ogres
  A necrophage (D:7)
  A bullfrog (D:6)
  A scorpion (D:4)
  4 wights (D:7)
  A howler monkey (D:5)
  3 crimson imps
  A bullfrog zombie (D:5)
  3 hounds
  An orc priest (D:4)
  2 bullfrog skeletons
  4 centaur skeletons
  4 orc wizards
  Jessica (D:2)
  4 worker ants
  Natasha (twice) (D:4)
  A killer bee zombie (D:7)
  A hound zombie (D:7)
  2 adders (D:5)
  4 oozes
  An adder zombie (D:5)
  3 worms
  3 adder skeletons
  4 dart slugs (D:1)
  5 leopard geckos
  9 orcs
  A giant cockroach (D:1)
  5 goblins
  5 hobgoblins (D:1)
  2 jackals (D:3)
  6 kobolds
  4 quokkas
  11 bats
  5 frilled lizards
  A leopard gecko skeleton (D:4)
  9 rats
  A plant (D:8)
134 creatures vanquished.

Notes
Turn   | Place    | Note
-------+----------+-------------------------------------------
     0 | D:1      | Maize the Minotaur Berserker began the quest for the Orb.
     0 | D:1      | Reached XP level 1. HP: 19/19 MP: 0/0
   198 | D:1      | Reached skill level 4 in Axes
   198 | D:1      | Reached XP level 2. HP: 15/27 MP: 1/1
   938 | D:1      | Reached XP level 3. HP: 33/33 MP: 2/2
  1117 | D:1      | Reached ** piety under Trog
  1373 | D:2      | Found a deep blue altar of Sif Muna.
  1383 | D:2      | Reached skill level 5 in Axes
  1383 | D:2      | Reached XP level 4. HP: 6/41 MP: 3/3
  1972 | D:2      | Found a burning altar of Makhleb.
  1974 | D:2      | Noticed Jessica
  1984 | D:2      | Killed Jessica
  1984 | D:2      | Reached XP level 5. HP: 17/47 MP: 4/4
  2925 | D:4      | Reached skill level 5 in Fighting
  2925 | D:4      | Reached skill level 6 in Axes
  3245 | D:4      | Noticed an ogre
  3248 | D:4      | Killed an ogre
  3248 | D:4      | Reached XP level 6. HP: 56/56 MP: 5/5
  3270 | D:4      | Reached *** piety under Trog
  3270 | D:4      | Reached skill level 7 in Axes
  3279 | D:4      | Found a staircase to the Ecumenical Temple.
  3282 | D:4      | Noticed Natasha
  3290 | D:4      | Killed Natasha
  3439 | D:4      | Reached XP level 7. HP: 58/63 MP: 6/6
  3587 | D:4      | Reached skill level 8 in Axes
  3593 | D:4      | Noticed Eustachio
  3611 | D:4      | Killed Eustachio
  3758 | D:4      | Noticed Natasha
  3766 | D:4      | Killed Natasha
  3971 | D:5      | Entered Level 5 of the Dungeon
  4189 | D:5      | Reached skill level 9 in Axes
  4300 | D:5      | Reached XP level 8. HP: 59/73 MP: 7/7
  4351 | D:5      | Found a radiant altar of Vehumet.
  4634 | D:6      | Noticed Sigmund
  4641 | D:6      | Noticed Menkaure
  4990 | D:6      | Killed Menkaure
  4990 | D:6      | Reached skill level 10 in Axes
  4992 | D:6      | Killed Sigmund
  5412 | D:6      | Noticed Grinder
  5425 | D:6      | Killed Grinder
  5546 | D:6      | Found a glowing silver altar of Zin.
  5559 | D:6      | Noticed Prince Ribbit
  5570 | D:6      | Killed Prince Ribbit
  5570 | D:6      | Reached skill level 11 in Axes
  5908 | D:7      | Reached XP level 9. HP: 81/82 MP: 8/8
  5973 | D:7      | Reached **** piety under Trog
  6279 | D:7      | Reached skill level 12 in Axes
  6908 | D:8      | Found a staircase to the Lair.
  6983 | D:8      | Reached skill level 10 in Fighting
  6983 | D:8      | Reached skill level 13 in Axes
  7023 | D:8      | Paralysed by a hornet for 1 turns
  7026 | D:8      | Paralysed by a hornet for 3 turns
  7028 | D:8      | HP: 3/85 [poisoned by a hornet]
  7028 | D:8      | Slain by a hornet

Levels and vault maps discovered:
D:1:      lemuel_arrival_cross, layout_loops_ring
D:2:      layout_basic, lemuel_round_altar, nicolae_overflow_crystal_walls,
          uniq_jessica
D:3:      layout_rooms, first_ration
D:4:      layout_basic, minmay_temple_entry_glass, grunt_ministairs_2,
          uniq_natasha, uniq_eustachio
D:5:      layout_loops_ring, kennysheep_little_box
D:6:      layout_cave_pools, kennysheep_mini_moat, minmay_misc_feat_room,
          minmay_chambers_of_fives, uniq_prince_ribbit1, uniq_sigmund,
          uniq_grinder, uniq_menkaure
D:7:      black_bear_nest_1, layout_basic
D:8:      layout_basic, amethyst_overflow_temple_binary,
          overflow_temple_1_default, dpeg_oklobed_lair, blue_anna_alchemist
          [blue_anna_fruit_fields, blue_anna_fruit_fields],
          hangedman_incinerator

Skill      XL: |  1  2  3  4  5  6  7  8  9 |
---------------+----------------------------+-----
Axes           | 4 5 6 7 9 11 13 | 13.0
Fighting       | 4 5 6 7 8 10 | 10.0
Armour         | 3 4 |  4.0
Dodging        | |  2.1

Action                   |  1- 3 |  4- 6 |  7- 9 || total
-------------------------+-------+-------+-------++-------
Melee: Hand axe          |   100 |     1 |       ||   101
       Headbutt          |    17 |    11 |    41 ||    69
       War axe           |       |    84 |   240 ||   324
Invok: Berserk           |     1 |     1 |     5 ||     7
  Use: Scroll            |       |       |     7 ||     7
 Stab: Sleeping          |     1 |       |       ||     1
  Eat: Chunk             |     2 |     8 |    10 ||    20
       Ration            |       |       |     2 ||     2
Armor: Animal skin       |    17 |       |       ||    17
       Chain mail        |       |    40 |    71 ||   111
       Scale mail        |       |       |    45 ||    45
Dodge: Dodged            |    67 |    34 |    60 ||   161

Table legend:
 A = Non-vault XP
 B = Vault XP
 C = Vault XP percentage of total XP
 D = Non-vault monster count
 E = Vault monster count
 F = Vault count percentage of total count
                 A         B        C        D         E       F
            +---------+---------+-------+---------+---------+-------
      Total |    3272 |    1354 |  29.3 |     120 |      13 |   9.8
            +---------+---------+-------+---------+---------+-------
        D:1 |      69 |       0 |   0.0 |      33 |       0 |   0.0
        D:2 |     113 |      37 |  24.7 |      16 |       1 |   5.9
        D:3 |      64 |       0 |   0.0 |      13 |       0 |   0.0
        D:4 |     606 |     244 |  28.7 |      12 |       3 |  20.0
        D:5 |     427 |       0 |   0.0 |      15 |       0 |   0.0
        D:6 |     234 |     947 |  80.2 |       6 |       8 |  57.1
        D:7 |    1099 |     126 |  10.3 |      19 |       1 |   5.0
        D:8 |     660 |       0 |   0.0 |       6 |       0 |   0.0
            +---------+---------+-------+---------+---------+-------
